 Dungeon Crawl Stone Soup version 0.26.1-11-gd32895ea62 (webtiles) character file.

Game seed: 6367096112928511398

1220 Zeld the Cruncher (level 8, 0/50 HPs)
             Began as an Octopode Gladiator on May 22, 2021.
             Slain by an orc
             ... wielding a +0 war axe
              (3 damage)
             ... on level 5 of the Dungeon.
             The game lasted 00:05:57 (8219 turns).

Zeld the Cruncher (Octopode Gladiator)              Turns: 8219, Time: 00:05:57

Health: 0/50       AC:  1    Str: 16    XL:     8   Next: 47%
Magic:  8/8        EV: 14    Int: 10    God:
Gold:   297        SH:  0    Dex: 13    Spells: 7/7 levels left

rFire    . . .     SeeInvis .   G - +4 quarterstaff (chaos)
rCold    . . .     Faith    .   (shield currently unavailable)
rNeg     . . .     Spirit   .   b - +0 hat
rPois    .         Reflect  .   (no amulet)
rElec    .         Harm     .   (no ring)
rCorr    +         Rampage  .   B - ring of resist corrosion
Will     .....                  (no ring)
Stlth    ++........             (no ring)
HPRegen  0.16/turn              (no ring)
MPRegen  0.11/turn              (no ring)
                                (no ring)
                                (no ring)

@: no status effects
A: almost no armour, stealthy swim, amphibious, 8 rings, constrict 8, camouflage
1, gelatinous body 1
a: no special abilities


You were on level 5 of the Dungeon.
You visited 1 branch of the dungeon, and saw 6 of its levels.

You collected 297 gold pieces.

Inventory:

Hand Weapons
 G - a +4 quarterstaff of chaos (weapon)
Missiles
 c - 3 throwing nets
 w - 31 poisoned darts (quivered)
 y - 9 boomerangs
Armour
 b - a +0 hat (worn)
Jewellery
 B - a ring of resist corrosion (right tentacle)
Wands
 v - a wand of digging (6)
 D - a wand of enslavement (7)
 F - a wand of paralysis (6)
Scrolls
 f - 3 scrolls of remove curse
 i - 4 scrolls of amnesia
 p - a scroll of magic mapping
 u - a scroll of fear {unknown}
 x - 2 scrolls of enchant armour {unknown}
 E - a scroll of blinking {unknown}
Potions
 e - 2 potions of flight {unknown}
 g - 3 potions of heal wounds {unknown}
 j - a potion of berserk rage {unknown}
 k - 2 potions of might {unknown}
 l - 2 potions of attraction {unknown}
 n - a potion of brilliance {unknown}
 s - 2 potions of curing {unknown}
 t - 2 potions of lignification {unknown}
 z - 2 potions of mutation {unknown}
 C - a potion of haste {unknown}


   Skills:
 - Level 2.0 Fighting
 * Level 10.3 Staves
 - Level 2.0 Throwing
 - Level 3.0 Dodging


You had 7 spell levels left.
You didn't know any spells.
Your spell library contained the following spells:

 Spells                   Type           Power        Failure   Level
 Magic Dart               Conj           0%           36%         1
 Confusing Touch          Hex            0%           75%         3
 Gell's Gravitas          Tloc           0%           75%         3
 Petrify                  Tmut/Erth      0%           98%         4
 Metabolic Englaciation   Hex/Ice        0%           100%        5
 Yara's Violent Unravell  Hex/Tmut       0%           100%        5


Dungeon Overview and Level Annotations

Branches:
Dungeon (6/15)
 Temple: D:4-7

Altars:
Fedhas
Kikubaaqudgha
Sif Muna
Vehumet


Innate Abilities, Weirdness & Mutations

You cannot wear most types of armour.
You are very stealthy in the water. (Stealth+)
You are amphibious.
You can wear up to eight rings at the same time.
You can use your tentacles to constrict eight enemies at once.
Your skin changes colour to match your surroundings (Stealth+).
Your rubbery body absorbs attacks. (AC +1, EV +1)


Message History

The orc hits you with a +0 war axe. The ice beast hits you.
The ice beast freezes you!
You barely miss the ice beast. Your squeeze misses the ice beast.
The ice beast is moderately wounded.
The ice beast hits you. The ice beast freezes you!
* * * LOW HITPOINT WARNING * * *
You are too injured to fight recklessly!
You are too injured to fight recklessly!
You are too injured to fight recklessly!
The ice beast closely misses you.
There is an open door here.
You see here a leather armour.
The orc hits you with a +0 war axe!
* * * LOW HITPOINT WARNING * * *
There is a stone staircase leading up here.
The orc hits you with a +0 war axe!
* * * LOW HITPOINT WARNING * * *
There is a stone staircase leading up here.
The orc hits you with a +0 war axe.
You die...

........#.#.#...................#
........#.#.#.#...[....##########
........#.#.#.#........#
......#.#.#.#.#........#
#####.#.#.#.#.#.#.######
....#.#.#.#.#.#.#.###############
###.#.#.#.#.#.#Y#................
#.#.#.#.#.#.#o..###############
#...#.#.#....<@................
#######.#.#######.###############
........#....(....#
###################


You could see an ice beast and an orc.

Vanquished Creatures
  Sigmund (D:5)
  Menkaure (D:5)
  A phantom (D:3)
  An ogre (D:4)
  A howler monkey (D:4)
  Crazy Yiuf (D:5)
  A centaur skeleton (D:4)
  2 hounds (D:4)
  5 orc priests
  7 orc wizards
  4 worker ants (D:4)
  2 hound skeletons (D:4)
  3 gnolls (D:3)
  4 adders
  A shadow imp (D:5)
  An ooze (D:1)
  2 worms (D:2)
  A dart slug (D:2)
  2 leopard geckos
  13 orcs
  3 ball pythons
  6 bats
  3 giant cockroaches
  5 goblins
  6 hobgoblins
  4 jackals (D:3)
  4 quokkas
  7 frilled lizards
  7 kobolds
  A quokka skeleton (D:4)
  11 rats
111 creatures vanquished.

Vanquished Creatures (others)
  2 fungi (D:5)
  12 plants (D:4)
  4 toadstools (D:1)
18 creatures vanquished.

Grand Total: 129 creatures vanquished

Notes
Turn   | Place    | Note
-------+----------+-------------------------------------------
     0 | D:1      | Zeld the Octopode Gladiator began the quest for the Orb.
     0 | D:1      | Reached XP level 1. HP: 14/14 MP: 1/1
   219 | D:1      | Reached XP level 2. HP: 13/19 MP: 2/2
   519 | D:1      | Reached skill level 4 in Staves
   575 | D:1      | Reached XP level 3. HP: 24/24 MP: 3/3
  1792 | D:3      | Reached XP level 4. HP: 29/29 MP: 4/4
  1894 | D:3      | Found a blossoming altar of Fedhas.
  2033 | D:3      | Reached skill level 5 in Staves
  2461 | D:3      | Reached XP level 5. HP: 32/34 MP: 5/5
  2516 | D:3      | Reached skill level 6 in Staves
  3399 | D:4      | Noticed a phantom
  4124 | D:4      | Reached XP level 6. HP: 39/39 MP: 6/6
  4313 | D:4      | Reached skill level 7 in Staves
  4449 | D:4      | Reached XP level 7. HP: 42/45 MP: 7/7
  4547 | D:4      | HP: 2/45 [orc wizard/magic dart (7)]
  4557 | D:5      | Entered Level 5 of the Dungeon
  5256 | D:4      | Reached skill level 8 in Staves
  5655 | D:4      | Reached skill level 9 in Staves
  6163 | D:3      | Reached XP level 8. HP: 15/50 MP: 8/8
  6619 | D:5      | Found an ancient bone altar of Kikubaaqudgha.
  6619 | D:5      | Found a shimmering blue altar of Sif Muna.
  6621 | D:5      | Found a radiant altar of Vehumet.
  6625 | D:5      | Identified Vehumet's Collected Works on Attacks
  6675 | D:5      | Noticed Menkaure
  6684 | D:5      | Killed Menkaure
  7347 | D:5      | Noticed Sigmund
  7654 | D:5      | Found a runed translucent door.
  7655 | D:5      | Noticed Crazy Yiuf
  7714 | D:5      | Killed Sigmund
  7715 | D:5      | Reached skill level 10 in Staves
  7993 | D:5      | Killed Crazy Yiuf
  8219 | D:5      | Slain by an orc

Illustrated notes

Levels and vault maps discovered:
D:1:      ldierk_water_garden, layout_rooms, chequers_serial_rivers_large_a
D:2:      layout_loops_ring
D:3:      layout_basic, fedhas_ov_isle_minmay, minivault_4,
          wander_ebering_terrifying_dragon_lair
D:4:      layout_loops_ring, serial_bayou_lake_a
D:5:      layout_basic, grunt_temple_overflow_magic_moments, minivault_24,
          uniq_sigmund, uniq_menkaure, uniq_crazy_yiuf_cottage
D:6:      layout_basic, doesnt_xom_only_xom, kennysheep_little_box,
          nzn_hepliaklqana_mist_gate, elyvilon_altar_3,
          minmay_temple_entry_fiery

Skill      XL: |  1  2  3  4  5  6  7  8 |
---------------+-------------------------+-----
Staves         | 4 5 6 7 9 10 | 10.3
Fighting       | |  2.0
Throwing       | |  2.0
Dodging        | |  3.0

Action                   |  1- 3 |  4- 6 |  7- 9 || total
-------------------------+-------+-------+-------++-------
Melee: Quarterstaff      |    59 |   111 |    95 ||   265
       Constrict         |    21 |    29 |    18 ||    68
       Tentacles         |    10 |    31 |    27 ||    68
  Use: Scroll            |       |       |     9 ||     9
 Stab: Sleeping          |    10 |     7 |     2 ||    19
Armor: Skin              |       |     8 |     2 ||    10
Dodge: Dodged            |    29 |    57 |    38 ||   124
